 Dungeon Crawl Stone Soup version 0.31.0-11-ge490571c62 (webtiles) character file.

Game seed: 1508098683157626235

3115 Arctor the Summoner (level 9, -10/45 HPs)
             Began as a Deep Elf Fire Elementalist on Feb 3, 2024.
             Was a Believer of Vehumet.
             Mangled by a wyvern (15 damage)
             ... on level 8 of the Dungeon.
             The game lasted 00:11:43 (9528 turns).

Arctor the Summoner (Deep Elf Fire Elementalist)    Turns: 9528, Time: 00:11:45

Health: -10/45     AC:  2    Str:  5    XL:     9   Next: 60%
Magic:  12/20      EV: 14    Int: 25    God:    Vehumet [**....]
Gold:   343        SH:  0    Dex: 15    Spells: 8/20 levels left

rFire   + . .        c - staff of fire
rCold   + . .        (no shield)
rNeg    + . .        a - +0 robe
rPois   .            (no helmet)
rElec   .            (no cloak)
rCorr   .            (no gloves)
SInv    .            (no boots)
Will    .....        (no amulet)
Stlth   +++          j - ring of positive energy
HPRegen 0.27/turn    w - ring of protection from cold
MPRegen 0.17/turn

%: no passive effects
@: slowed, very slow
A: no striking features
a: Renounce Religion


You were on level 8 of the Dungeon.
You worshipped Vehumet.
Vehumet was pleased with you.
You visited 2 branches of the dungeon, and saw 9 of its levels.

You collected 367 gold pieces.
You spent 24 gold pieces at shops.

Inventory:

Hand Weapons
 y - the +8 spear of Ravage {antimagic, Will+ Int+2 Stlth-}
   (You found it on level 5 of the Dungeon)

   Int+2:     It affects your intelligence (+2).
   Will+:     It increases your willpower.
   Stlth-:    It makes you less stealthy.
Armour
 a - a +0 robe (worn)
Magical Staves
 c - a staff of fire (weapon)
Jewellery
 j - a ring of positive energy (left hand)
 w - a ring of protection from cold (right hand)
Wands
 h - a wand of acid (13)
 o - a wand of paralysis (13)
Scrolls
 d - a scroll of revelation
 e - 2 scrolls of brand weapon
 f - 3 scrolls of fear
 i - a scroll of vulnerability {unknown}
 k - 2 scrolls of immolation
 m - 3 scrolls of enchant weapon {unknown}
 q - a scroll of silence
 r - 3 scrolls of noise
 s - 3 scrolls of teleportation {unknown}
 t - 2 scrolls of amnesia {unknown}
 v - a scroll of poison {unknown}
 x - a scroll of fog {unknown}
Potions
 b - a potion of magic
 g - a potion of haste
 l - 3 potions of brilliance
 n - 2 potions of degeneration
 p - 4 potions of curing {unknown}
 z - 2 potions of resistance {unknown}
 A - a potion of mutation {unknown}
 B - a potion of berserk rage {unknown}


   Skills:
 + Level 3.3 Staves
 - Level 5.6 Dodging
 - Level 6.1 Stealth
 - Level 6.4 Spellcasting
 - Level 4.7 Conjurations
 + Level 9.4 Summonings
 - Level 5.7 Fire Magic


You had 8 spell levels left.
You knew the following spells:

 Your Spells              Type           Power      Damage    Failure   Level
a - Foxfire               Conj/Fire      100%       2x1d9     1%          1
b - Scorch                Fire           100%       2d9       1%          2
c - Call Canine Familiar  Summ           53%        N/A       1%          3
d - Volatile Blastmotes   Fire/Tloc      66%        2d15      7%          3
e - Inner Flame           Hex/Fire       33%        N/A       7%          3

Your spell library contained the following spells:

 Spells                   Type           Power      Damage    Failure   Level
 Freeze                   Ice            32%        1d5       7%          1
 Call Imp                 Summ           100%       N/A       1%          2
 Flame Wave               Conj/Fire      50%        2d12      9%          4
 Sublimation of Blood     Necr           8%         N/A       11%         2
 Sigil of Binding         Hex            8%         N/A       22%         3
 Dimensional Bullseye     Hex/Tloc       4%         N/A       56%         4
 Summon Hydra             Summ           26%        N/A       77%         7


Dungeon Overview and Level Annotations

Branches:
Dungeon (8/15)             Temple (1/1) D:5
   Lair: D:8-11

Altars:
Ashenzari
Cheibriados
Dithmenos
Elyvilon
Fedhas
Gozag
Hepliaklqana
Kikubaaqudgha
Nemelex Xobeh
Okawaru
Qazlal
Sif Muna
Trog
Uskayaw
Vehumet
Wu Jian
Xom
Zin
The Shining One

Shops:
D:6 :   D:7 ?

Annotations:
D:4 2 transporters, uncleiroh's ghost, novice MiBe
D:8 exclusion: upstairs


Message History

Vehumet accepts your kill. The wyvern attacks as it pursues you!
The wyvern bites you!
The kobold brigand throws a curare-tipped dart.
The curare-tipped dart hits you.
You are poisoned.
You have difficulty breathing.
You feel yourself slow down. The wyvern barely misses you.
You feel very sick. The wyvern barely misses you.
Casting: Scorch (safe; 1% risk of failure)
Confirm with . or Enter, or press ? or * to list all spells.
You feel a surge of power!
Flames lash the wyvern.
The wyvern is burned terribly!
The wyvern is heavily wounded.
You feel very sick. The wyvern closely misses you. The wyvern bites you!
* * * LOW HITPOINT WARNING * * *
You feel much better.
You feel sick. The wyvern closely misses you. The wyvern bites you!!
The wyvern bites you!
* * * LOW HITPOINT WARNING * * *
You feel much better.
You feel sick. The wyvern barely misses you. The wyvern completely misses you.
Casting: Scorch (safe; 1% risk of failure)
Confirm with . or Enter, or press ? or * to list all spells.
You feel a surge of power!
Flames lash the wyvern.
The wyvern is burned terribly!
The wyvern is almost dead.
You feel sick. The wyvern barely misses you. The wyvern bites you.
You barely miss the wyvern.
The wyvern is almost dead.
You feel sick.
You are no longer poisoned.
The wyvern misses you. x2
Unknown command.
You closely miss the wyvern.
The wyvern is almost dead.
The wyvern bites you!
* * * LOW HITPOINT WARNING * * *
The wyvern barely misses you. The wyvern bites you!
You die...

# ### #. #o## #
#.# ##kK##### #.
#..###@#K....#
#.#...$.##.o)..##
#......#....KK.#
###.........K..#
##.....####).).#
##...### ......
#....# ......
##)...# .....
#<.#..# .....


You could see a wyvern (combustible), an orc and a kobold.

Vanquished Creatures
  The ghost of hikkokomori the Magician, a novice DEHW of Xom (D:5)
  Grinder (D:5)
  A wyvern (D:8)
  A water moccasin (D:6)
  2 black bears
  A sky beast (D:6)
  An orc warrior (D:5)
  2 ice beasts
  An ogre (D:6)
  A centaur (D:4)
  A phantom (D:4)
  A bullfrog (D:6)
  2 scorpions
  5 wights
  A howler monkey (D:7)
  2 bombardier beetles
  2 hounds
  A gnoll bouda (D:7)
  3 jellies
  A sleepcap (D:5)
  5 orc priests
  4 orc wizards
  2 iguanas
  Ijyb (D:3)
  11 gnolls
  10 adders
  2 shadow imps (D:6)
  3 ribbon worms
  4 dart slugs
  28 orcs
  5 endoplasms
  A giant cockroach (D:3)
  5 goblins
  6 hobgoblins
  9 jackals
  4 quokkas
  5 ball pythons
  6 bats
  4 frilled lizards (D:1)
  15 kobolds
  2 rats
163 creatures vanquished.

Vanquished Creatures (collateral kills)
  A kobold brigand (D:7)
  2 orc wizards (D:7)
  A kobold (D:7)
4 creatures vanquished.

Vanquished Creatures (others)
  762 foxfires
762 creatures vanquished.

Grand Total: 929 creatures vanquished

Notes
Turn   | Place    | Note
-------+----------+-------------------------------------------
     0 | D:1      | Arctor the Deep Elf Fire Elementalist began the quest for
                  | the Orb.
     0 | D:1      | Reached XP level 1. HP: 10/10 MP: 6/6
   429 | D:1      | Reached XP level 2. HP: 15/15 MP: 4/8
   432 | D:1      | Learned a level 2 spell: Scorch
  1654 | D:2      | Found a faded altar of an unknown god.
  1775 | D:2      | Reached XP level 3. HP: 19/19 MP: 6/9
  2580 | D:3      | Reached XP level 4. HP: 19/24 MP: 8/11
  2618 | D:3      | Noticed Ijyb
  2629 | D:3      | Killed Ijyb
  3032 | D:3      | Reached XP level 5. HP: 14/28 MP: 5/13
  4387 | D:4      | Reached XP level 6. HP: 32/32 MP: 9/14
  4730 | D:4      | Reached skill level 5 in Spellcasting
  4791 | D:4      | Found a transporter.
  4798 | D:4      | Noticed uncleiroh's ghost (novice MiBe)
  4807 | D:4      | Found a transporter.
  5460 | D:4      | Reached XP level 7. HP: 36/36 MP: 13/16
  5464 | D:4      | Reached skill level 5 in Stealth
  5602 | D:4      | Reached skill level 5 in Fire Magic
  5752 | D:5      | Entered Level 5 of the Dungeon
  5764 | D:5      | Identified the +8 spear of Ravage {antimagic, Will+ Int+2
                  | Stlth-}
  5940 | D:5      | Reached skill level 5 in Dodging
  6014 | D:5      | Found a staircase to the Ecumenical Temple.
  6034 | Temple   | Entered the Ecumenical Temple
  6088 | Temple   | Became a worshipper of Vehumet
  6452 | D:5      | Noticed Grinder
  6460 | D:5      | Killed Grinder
  6461 | D:5      | Reached XP level 8. HP: 41/41 MP: 10/19
  6843 | D:5      | Learned a level 3 spell: Call Canine Familiar
  6984 | D:5      | Reached skill level 1 in Summonings
  7041 | D:5      | Found a runed translucent door.
  7048 | D:5      | Noticed hikkokomori's ghost (novice DEHW)
  7128 | D:5      | Killed hikkokomori's ghost
  7129 | D:5      | Reached skill level 5 in Summonings
  7131 | D:5      | HP: 2/41 [poisoned by hikkokomori's ghost (toxic radiance)]
  7395 | D:5      | Identified a scroll of acquirement
  7396 | D:5      | Acquired a staff of fire
  7403 | D:5      | Learned a level 3 spell: Volatile Blastmotes
  7407 | D:5      | Learned a level 3 spell: Inner Flame
  7480 | D:6      | Found Jucw's Vocational Training.
  7509 | D:6      | Reached skill level 6 in Summonings
  7990 | D:6      | Identified the +6 chain mail "Huhusul" {rPois}
  7997 | D:6      | Reached * piety under Vehumet
  7997 | D:6      | Offered knowledge of Magic Dart by Vehumet.
  8005 | D:6      | Reached skill level 7 in Summonings
  8005 | D:6      | Reached XP level 9. HP: 45/45 MP: 10/20
  8326 | D:6      | Reached skill level 8 in Summonings
  8439 | D:6      | Identified the dragon-blood talisman "Hisoquxi" {Str+5
                  | Int+3}
  8634 | D:6      | Reached skill level 1 in Staves
  9018 | D:7      | Found Riopiel's Magic Scroll Shop.
  9027 | D:7      | Bought a scroll of identify for 24 gold pieces
  9160 | D:7      | Reached skill level 9 in Summonings
  9209 | D:7      | Identified the +6 spear of the Goat {spect, rF+ Str+3}
  9253 | D:7      | Offered knowledge of Freeze by Vehumet.
  9257 | D:7      | Reached ** piety under Vehumet
  9329 | D:7      | Found a shadowy altar of Dithmenos.
  9528 | D:8      | Mangled by a wyvern

Illustrated notes

Levels and vault maps discovered:
D:1:      eino_arrival_cavern_b, layout_basic, minivault_25,
          minmay_misc_feat_encased, chequers_jeans
D:2:      layout_loops_cross, ebering_ecumenical_altar_box
D:3:      layout_loops_ring, uniq_ijyb
D:4:      layout_loops_cross, gammafunk_ghost_arena, minmay_misc_feat_alley
D:5:      layout_rooms, minmay_temple_entry_mini_moons, ebering_ghost_sewer_d,
          grunt_ministairs_1, uniq_grinder
D:6:      layout_loops_ring, nicolae_shop_vocational
D:7:      layout_rooms, lemuel_crystal_altar, minitemple, serial_shops, shop,
          amethyst_killhole, serial_bayou_pond_c, supply_closet_lemuel,
          chequers_serial_rivers_large_b
D:8:      layout_layer_cave, nicolae_yredelemnul_corpse_copse
Temple:   dpeg_five_rooms_temple

Skill      XL: |  1  2  3  4  5  6  7  8  9 |
---------------+----------------------------+-----
Stealth        | 3 4 6 |  6.1
Dodging        | 3 4 5 |  5.6
Conjurations   | 2 3 4 |  4.7
Spellcasting   | 4 5 6 |  6.4
Fire Magic     | 4 5 |  5.7
Summonings     | 7 9 |  9.4
Staves         | 3 |  3.3

Action                     |  1- 3 |  4- 6 |  7- 9 || total
---------------------------+-------+-------+-------++-------
  Melee: Unarmed           |     7 |     1 |       ||     8
         Punch             |     1 |       |     1 ||     2
         Spear             |       |       |     3 ||     3
         Staff             |       |       |     3 ||     3
   Cast: Foxfire           |   125 |   151 |   224 ||   500
         Scorch            |     4 |    34 |    72 ||   110
         Volatile Blastmot |       |       |     5 ||     5
         Call Canine Famil |       |       |     4 ||     4
    Use: Potion            |       |     1 |     6 ||     7
         Scroll            |       |       |    10 ||    10
   Stab: Sleeping          |     1 |       |       ||     1
 Armour: Robe              |     9 |    16 |    37 ||    62
  Dodge: Dodged            |     9 |    23 |    53 ||    85
